 Dungeon Crawl Stone Soup version 0.30.1-11-g7821555f0a (webtiles) character file.

Game seed: 5662413400556448912

287 HakonGodeson the Chopper (level 6, -6/48 HPs)
             Began as a Human Berserker on Nov 13, 2023.
             Was a Follower of Trog.
             Mangled by a wyvern (13 damage)
             ... on level 5 of the Dungeon.
             The game lasted 00:04:58 (1421 turns).

HakonGodeson the Chopper (Human Berserker)          Turns: 1421, Time: 00:04:58

Health: -6/48      AC:  9    Str: 20 (22) XL:     6   Next: 56%
Magic:  6/6        EV: 11    Int:  8 (9)  God:    Trog [*.....]
Gold:   107        SH:  0    Dex:  6 (9)  Spells: 5/5 levels left

rFire   x . .        a - +0 hand axe
rCold   + . .        (no shield)
rNeg    . . .        j - +4 ring mail "Qoih Cys" {Str+4 Dex-3 Stlth+}
rPois   .            (no helmet)
rElec   .            (no cloak)
rCorr   .            (no gloves)
SInv    .            (no boots)
Will    .....        s - amulet of the acrobat
Stlth   ++           n - ring of ice
HPRegen 0.28/turn    (no ring)
MPRegen 0.10/turn

%: acrobat
@: on berserk cooldown, slowed, very slow
A: no striking features
a: Renounce Religion, Berserk


You were on level 5 of the Dungeon.
You worshipped Trog.
Trog was aware of your devotion.
You visited 1 branch of the dungeon, and saw 5 of its levels.

You collected 107 gold pieces.

Inventory:

Hand Weapons
 a - a +0 hand axe (weapon)
Missiles
 q - a boomerang (quivered)
Armour
 j - the +4 ring mail "Qoih Cys" (worn) {Str+4 Dex-3 Stlth+}
   (You found it on level 2 of the Dungeon)

   Str:       It affects your strength (+4).
   Dex:       It affects your dexterity (-3).
   Stlth:     It makes you more stealthy.
Jewellery
 n - a ring of ice (left hand)
 s - an amulet of the acrobat (around neck)
Scrolls
 c - a scroll of torment
 d - a scroll of noise
 h - a scroll of teleportation
 l - 2 scrolls of fog
 m - a scroll of amnesia
Potions
 e - a potion of magic
 f - a potion of curing
 g - a potion of lignification {unknown}
 i - a potion of brilliance
 k - a potion of might {unknown}
 o - a potion of resistance {unknown}
 p - a potion of mutation {unknown}


   Skills:
 * Level 4.1 Fighting
 * Level 4.7 Axes
 * Level 1.6 Throwing
 * Level 2.9 Armour
 * Level 2.6 Dodging
 * Level 1.9 Stealth


You had 5 spell levels left.
You didn't know any spells.
Your spell library was empty.

Dungeon Overview and Level Annotations

Branches:
Dungeon (5/15)
 Temple: D:4-7

Altars:


Message History

There was something very wrong with that liquid.
You feel weakened.
You feel dopey.
You feel clumsy. The wyvern bites you. The wyvern bites you!
It was a potion of heal wounds.
You feel much better. The wyvern barely misses you. x2
You barely miss the wyvern.
The wyvern bites you but does no damage.
The wyvern barely misses you.
The wyvern bites you but does no damage.
You barely miss the wyvern. The wyvern misses you. The wyvern bites you!
You slash the wyvern!
The wyvern is moderately wounded.
The wyvern bites you. The wyvern bites you!
You hit the wyvern.
The wyvern is moderately wounded.
The wyvern bites you but does no damage.
The wyvern bites you. The wyvern misses you.
You closely miss the wyvern.
The wyvern is moderately wounded.
The wyvern completely misses you. The wyvern barely misses you.
You hit the wyvern but do no damage.
The wyvern is moderately wounded.
The wyvern closely misses you.
The wyvern bites you but does no damage.
You feel better. The wyvern bites you!
The wyvern bites you but does no damage.
The wyvern bites you.
You hit the wyvern.
The wyvern is heavily wounded.
The wyvern bites you.
* * * LOW HITPOINT WARNING * * *
The wyvern bites you!
* * * LOW HITPOINT WARNING * * *
You hit the wyvern but do no damage.
The wyvern is heavily wounded.
The wyvern misses you. The wyvern closely misses you.
You hit the wyvern but do no damage.
The wyvern is heavily wounded.
The wyvern barely misses you. The wyvern bites you!
You die...

##.# #....
##...
##..##$......
##..
#..##........
##.
#.##.........
##
#.#..........
#
#.#..........
#
#.#.......#..
#
#.'........##
#
#.)..@l....##
#
###.......#..
# #..........
# #..........
# ##.........
## ##........
##. ##.......
##.. #......
##... ##....


You could see a wyvern.

Vanquished Creatures
  An ogre (D:5)
  A scorpion (D:4)
  An iguana (D:5)
  An orc wizard (D:5)
  6 adders
  An ufetubus (D:5)
  A worm (D:2)
  A dart slug (D:5)
  4 orcs (D:5)
  3 ball pythons
  2 endoplasms (D:2)
  A giant cockroach (D:4)
  3 hobgoblins
  2 kobolds
  A bat (D:3)
  A frilled lizard (D:1)
  2 goblins
  4 rats
36 creatures vanquished.

Notes
Turn   | Place    | Note
-------+----------+-------------------------------------------
     0 | D:1      | HakonGodeson the Human Berserker began the quest for the
                  | Orb.
     0 | D:1      | Reached XP level 1. HP: 18/18 MP: 1/1
   253 | D:1      | Reached XP level 2. HP: 20/24 MP: 2/2
   334 | D:2      | Identified the +4 ring mail "Qoih Cys" {Str+4 Dex-3 Stlth+}
   545 | D:2      | Reached XP level 3. HP: 11/29 MP: 3/3
   811 | D:3      | Reached skill level 1 in Stealth
   811 | D:3      | Reached XP level 4. HP: 34/35 MP: 4/4
  1052 | D:4      | Noticed a scorpion
  1067 | D:4      | Killed a scorpion
  1068 | D:4      | Reached skill level 1 in Throwing
  1068 | D:4      | Reached XP level 5. HP: 25/42 MP: 5/5
  1125 | D:5      | Entered Level 5 of the Dungeon
  1174 | D:5      | Noticed an ogre
  1185 | D:5      | Killed an ogre
  1186 | D:5      | Reached XP level 6. HP: 48/48 MP: 6/6
  1403 | D:5      | Noticed a wyvern
  1421 | D:5      | Mangled by a wyvern

Illustrated notes

Levels and vault maps discovered:
D:1:      erik_arrival_blinker_ship, layout_loops_corners
D:2:      wander_river, layout_loops_ring, ebering_ecumenical_altar_rust,
          kennysheep_generic_room_2, uniq_crazy_yiuf_cottage
D:3:      layout_basic, grunt_temple_overflow_open
D:4:      layout_basic, mainiacjoe_overflow_alcove_1, uniq_edmund
D:5:      kennysheep_big_flooded_room, layout_gridville, grunt_ministairs_4

Skill      XL: |  1  2  3  4  5 |
---------------+----------------+-----
Stealth        | 1 |  1.9
Axes           | 4 |  4.7
Throwing       | 1 |  1.6
Fighting       | 4 |  4.1
Armour         | |  2.9
Dodging        | |  2.6

Action                     |  1- 3 |  4- 6 || total
---------------------------+-------+-------++-------
  Melee: Hand axe          |    53 |    85 ||   138
         Punch             |     1 |     2 ||     3
  Throw: Boomerang         |    12 |     7 ||    19
 Invoke: Berserk           |       |     3 ||     3
    Use: Scroll            |     3 |     2 ||     5
         Potion            |     3 |     3 ||     6
   Stab: Sleeping          |     3 |       ||     3
 Armour: Animal skin       |     3 |       ||     3
         Ring mail         |    22 |    45 ||    67
  Dodge: Dodged            |    29 |    79 ||   108
